AoeStats
← Tomate

Arabia

510208837Analyzed
1v1 RM · 1d ago on Sep 30, 2026· 46m 34s· 2 players
Game mode
Random Map
Map size
Tiny (2 player)
Population
200
Speed
Normal
Resources
Standard
Victory
Conquest
Starting age
Dark Age
Ending age
Imperial Age
RankedLock teamsTeams togetherTeam positionsShared explorationLock speedFull tech treeHidden civsTurbo modeCheats
Victory
Defeat
🇧🇷 Huns · Brazil
740
+15
🇺🇾 Franks · Uruguay
709
-15
ManzanaConTuco
11:20 Feudal Age
16:42 Castle Age
19:28 Loom
24:22 Light Cavalry
26:21 Husbandry
27:21 Scale Barding Armor
35:55 Ordonnance Companies
36:33 Double-Bit Axe
36:42 Gold Mining
39:52 Imperial Age
42:01 Wheelbarrow
41:12 Town Watch
41:03 Cavalier
41:32 Cranequins
42:43 Pikeman
Tomate
8:56 Loom
11:51 Feudal Age
12:23 Double-Bit Axe
13:44 Horse Collar
18:13 Bloodlines
18:52 Scale Barding Armor
24:10 Castle Age
22:45 Forging
24:30 Scale Mail Armor
24:57 Heavy Plow
24:20 Light Cavalry
29:19 Pikeman
30:51 Gold Mining
31:54 Ballistics
33:29 Wheelbarrow
34:26 Bow Saw
35:14 Iron Casting
35:01 Chain Barding Armor
37:38 Husbandry
38:12 Padded Archer Armor
38:04 Fletching
41:02 Imperial Age
38:58 Squires
38:56 Town Watch
39:28 Stone Mining
40:16 Thumb Ring
40:16 Elite Skirmisher
41:29 Hand Cart
44:13 Town Patrol
44:15 Halberdier
Connection lost

Rejoining the realm…

Still unreachable

The connection could not be restored.

Session expired

The server has moved on; the page needs a fresh start.